 Dungeon Crawl Stone Soup version 0.20-a0-336-g7b05759 (webtiles) character file.

84 shinino the Chopper (level 4, -5/39 HPs)
             Began as a Minotaur Berserker on Dec 21, 2016.
             Was a Believer of Trog.
             Slain by Deathtrap2010's ghost (12 damage)
             ... on level 3 of the Dungeon.
             The game lasted 00:02:52 (1635 turns).

shinino the Chopper (Minotaur Berserker)            Turns: 1635, Time: 00:02:52

Health: -5/39      AC:  5    Str: 21    XL:     4   Next: 23%
Magic:  3/3        EV: 11    Int:  4    God:    Trog [**....]
Gold:   127        SH:  0    Dex: 11    Spells: 3/3 levels left

rFire  . . .     SeeInvis .     a - +0 hand axe
rCold  . . .     Gourm    .     p - +0 ring mail
rNeg   . . .     Faith    .     (no shield)
rPois  .         Spirit   .     (helmet restricted)
rElec  .         Reflect  .     (no cloak)
rCorr  .         Harm     .     (no gloves)
MR     .....                    (no boots)
Stlth  +.........               (no amulet)
                                (no ring)
                                (no ring)

@: no status effects
A: retaliatory headbutt, horns 2
a: Berserk, Trog's Hand, Burn Spellbooks, Renounce Religion


You were on level 3 of the Dungeon.
You worshipped Trog.
Trog was pleased with you.
You were hungry.

You visited 1 branch of the dungeon, and saw 3 of its levels.

You collected 127 gold pieces.

Inventory:

Hand Weapons
 a - a +0 hand axe (weapon)
Armour
 p - a +0 ring mail (worn)
Scrolls
 f - 2 scrolls of enchant armour
 g - a scroll of blinking {unknown}
 i - a scroll of fear {unknown}
 n - a scroll of noise {unknown}
Potions
 d - 2 potions of heal wounds {unknown}
 e - 2 potions of curing
 k - 3 potions of flight
 l - a potion of lignification {unknown}
Comestibles
 c - a bread ration
 h - a slice of pizza
 m - 5 chunks of flesh
 o - 3 fruits


   Skills:
 - Level 3.6 Fighting
 + Level 6.1 Axes
 - Level 2.4 Armour
 - Level 2.1 Dodging


You had 3 spell levels left.
You didn't know any spells.

Dungeon Overview and Level Annotations

Branches:
Dungeon (3/15)

Altars:

Annotations:
D:3 Deathtrap2010's ghost, amateur DDFi


Innate Abilities, Weirdness & Mutations

You reflexively headbutt those who attack you in melee.
You have a pair of horns on your head.


Message History

You hit Deathtrap2010's ghost but do no damage.
Deathtrap2010's ghost is moderately damaged.
Deathtrap2010's ghost hits you.
You hit Deathtrap2010's ghost.
Deathtrap2010's ghost is moderately damaged.
Deathtrap2010's ghost hits you!
You hit Deathtrap2010's ghost but do no damage.
You headbutt Deathtrap2010's ghost.
Deathtrap2010's ghost is heavily damaged.
Deathtrap2010's ghost barely misses you.
Some of the chunks of flesh in your inventory have rotted away.
You hit Deathtrap2010's ghost.
Deathtrap2010's ghost is heavily damaged.
Deathtrap2010's ghost hits you.
* * * LOW HITPOINT WARNING * * *
Deathtrap2010's ghost says, "To die, to sleep, no more."
You see here a stone.
There is a stone staircase leading up here.
Deathtrap2010's ghost hits you!
You die...

#.. ##..
...#### .....
....
######..###
......†)..# #♣
.......(#.#..♣
....$..†W@...♣
.........####♣
..........
.......#.##
♣♣........
..........
♣♣.........
.....%##..


You could see Deathtrap2010's ghost.

Vanquished Creatures
  3 adders (D:2)
  An ooze (D:1)
  2 worms (D:2)
  3 orcs (D:3)
  4 giant cockroaches
  5 goblins
  A hobgoblin (D:2)
  9 kobolds
  A ball python (D:2)
  9 bats
  4 frilled lizards
  4 rats
46 creatures vanquished.

Notes
Turn   | Place    | Note
-------+----------+-------------------------------------------
     0 | D:1      | shinino the Minotaur Berserker began the quest for the Orb.
     0 | D:1      | Reached XP level 1. HP: 19/19 MP: 0/0
   117 | D:1      | Reached skill level 4 in Axes
   273 | D:1      | Reached XP level 2. HP: 24/26 MP: 1/1
   440 | D:1      | Reached ** piety under Trog
   566 | D:2      | Reached skill level 5 in Axes
   566 | D:2      | Reached XP level 3. HP: 25/31 MP: 2/2
  1025 | D:2      | Found a faded altar of an unknown god.
  1428 | D:2      | Reached XP level 4. HP: 37/39 MP: 3/3
  1563 | D:2      | Reached skill level 6 in Axes
  1613 | D:3      | Noticed Deathtrap2010's ghost (amateur DDFi)
  1635 | D:3      | Slain by Deathtrap2010's ghost

Vault maps used:
D:1:      kennysheep_arrival_forest
D:2:      chequers_ecumenical_altar_twisty
D:3:      first_bread, serial_forest, infiniplex_forest_lined_3,
          infiniplex_forest_diagonal, infiniplex_forest_zigzag_2,
          infiniplex_forest_straight_2, infiniplex_forest_lined_room_2,
          infiniplex_forest_corner_1, infiniplex_forest_straight_2,
          infiniplex_forest_diagonal, nrook_uturn

Skill      XL: |  1  2  3  4 |
---------------+-------------+-----
Axes           | 4 5 6 |  6.1
Fighting       | |  3.6
Armour         | |  2.4
Dodging        | |  2.1

Action                   |  1- 3 |  4- 6 || total
-------------------------+-------+-------++-------
Melee: Hand axe          |    88 |    22 ||   110
       Headbutt          |    18 |     8 ||    26
Invok: Trog's Hand       |       |     1 ||     1
  Use: Scroll            |       |     3 ||     3
 Stab: Sleeping          |     2 |       ||     2
  Eat: Chunk             |     2 |       ||     2
Armor: Animal skin       |    18 |       ||    18
       Ring mail         |       |     5 ||     5
Dodge: Dodged            |    45 |    16 ||    61
